[Event "*** Titled Tuesday Blitz"]
[Site "Chess.com"]
[Date "2021.04.20"]
[Round "11"]
[White "Jumbo"]
[Black "blitzking1729"]
[Result "0-1"]
[WhiteElo "2782"]
[BlackElo "2665"]
[TimeControl "180+1"]
[EndTime "12:04:34 PDT"]
[Termination "blitzking1729 won by resignation"]

1. d4 d5 2. c4 e6 3. Nf3 c5 4.
cxd5 exd5 5. g3 Nc6 6. Bg2 Nf6 7. O-O Be7 8. Nc3 O-O 9. Bg5 cxd4 10. Nxd4 h6 11.
Be3 Re8 12. Rc1 Bf8 13. Bf4 a6 14. Nxc6 bxc6 15. Na4 Bg4 16. Re1 Rc8 17. h3 Bh5 18.
Nc5 Qa5 19. Nd3 c5 20. Be5 c4 21. Bc3 Qb6 22. Nf4 Bc5 23. Rf1 d4 24. Bd2 d3 25. Nxh5 dxe2 26. Nxf6+ Qxf6 27. Qe1 exf1=Q+ 28. Qxf1 Qxb2 29. Bc3 Bxf2+ 30. Kh2 Qe2 0-1

[Event "*** Titled Tuesday Blitz"]
[Site "Chess.com"]
[Date "2021.04.20"]
[Round "11"]
[White "allejam"]
[Black "FeketeBarika"]
[Result "1-0"]
[WhiteElo "2209"]
[BlackElo "2238"]
[TimeControl "180+1"]
[EndTime "12:04:40 PDT"]
[Termination "allejam won by resignation"]

1. e4 e6 2. Qe2 d5 3. exd5 Qxd5 4. Nc3 Qd8 5. g3 Nf6 6. Bg2 Be7 7. Nf3 O-O 8. O-O c5 9. Rd1 Nc6 10. d3 Nd5 11. d4 Nxc3 12. bxc3 Bf6 13. Be3 Qe7 14.
Rac1 Rd8 15. Rb1 Rb8 16. Bf4 Ra8 17. Be5 Bxe5 18. Nxe5 Nxe5 19. dxe5 Rb8 20. Rxd8+ Qxd8 21. Rd1 Qc7 22. Qd3 g6 23. Qd8+ Qxd8 24. Rxd8+ Kg7 25.
f4 b6 26. Kf2 h5 27. Bc6 b5 28. Bd7 b4 29. Rxc8 Rb7 30. Ba4 bxc3 31. Rxc5 Rb4 32. Bb3 Rd4 33. Rxc3 Rd2+ 34. Kg1 Rd1+ 35. Kg2 Rd2+ 36.
Kh3 Kh6 37. Rd3 Rf2 38. c4 g5 39. fxg5+ Kxg5 40. c5 Rf1 41. Rc3 Rd1 42. Bxd1 1-0

[Event "*** Titled Tuesday Blitz"]
[Site "Chess.com"]
[Date "2021.04.20"]
[Round "11"]
[White "PchelkinVK"]
[Black "nocnypako"]
[Result "0-1"]
[WhiteElo "2629"]
[BlackElo "2552"]
[TimeControl "180+1"]
[EndTime "12:04:43 PDT"]
[Termination "nocnypako won on time"]

1. d4 Nf6 2. Nc3 d5 3. Bf4 e6 4.
a3 Bd6 5. Qd2 O-O 6. Nf3 c5 7.
dxc5 Bxc5 8. O-O-O Qe7 9. Bg5 h6 10. Bh4 Nc6 11. g4 d4 12. Bxf6 Qxf6 13. Ne4 Qe7 14.
g5 hxg5 15. Nfxg5 Bxa3 16. bxa3 Qxa3+ 17. Kb1 Nb4 18. c3 Qb3+ 0-1

[Event "*** Titled Tuesday Blitz"]
[Site "Chess.com"]
[Date "2021.04.20"]
[Round "11"]
[White "elcandado"]
[Black "Ajedrez_con_German"]
[Result "1-0"]
[WhiteElo "2641"]
[BlackElo "2518"]
[TimeControl "180+1"]
[EndTime "12:04:45 PDT"]
[Termination "elcandado won by resignation"]

1. d4 e6 2. Bf4 Nf6 3. e3 b6 4. Qf3 Nc6 5. Nc3 Bb7 6. O-O-O Be7 7. e4 O-O 8. d5 Na5 9. Nge2 d6 10. Ng3 e5 11. Be3 Bc8 12. h3 a6 13. Nf5 Bxf5 14. exf5 b5 15. g4 Nd7 16. Ne4 Nc4 17. Bxc4 bxc4 18.
g5 Kh8 19. Rhg1 Nc5 20. Bxc5 dxc5 21. f6 Bd6 22. Rg4 g6 23. Rh4 Qd7 24. Qg3 Rfb8 25. Nxd6 cxd6 26. Rxh7+ Kxh7 27. Qh4+ Kg8 28. Qh6 1-0

[Event "*** Titled Tuesday Blitz"]
[Site "Chess.com"]
[Date "2021.04.20"]
[Round "11"]
[White "UKR_Master"]
[Black "Bad_left_hook"]
[Result "0-1"]
[WhiteElo "2483"]
[BlackElo "2623"]
[TimeControl "180+1"]
[EndTime "12:04:45 PDT"]
[Termination "Bad_left_hook won by resignation"]

1. e4 c5 2. Nf3 d6 3. c3 Nf6 4. h3 g6 5. Bd3 Bg7 6. O-O O-O 7. Bc2 Nc6 8. d4 cxd4 9. cxd4 e5 10.
d5 Ne7 11. Nc3 h6 12. Be3 a6 13. a4 Nd7 14. a5 f5 15. Na4 f4 16. Bb6 Qe8 17.
Bc7 Rf6 18. Nd2 g5 19. Nc4 Qg6 20. g4 f3 21. Ne3 Rf4 22. Nf5 Nxf5 23. exf5 Qf7 24.
Bxd6 h5 25. Kh2 hxg4 26. Rg1 Qh5 27. Rg3 gxh3 28. Nc3 Nf6 29. Bxe5 Ng4+ 30. Rxg4 Qxg4 31. Qg1 Bxe5 32. Qxg4 Rxg4+ 33. Kh1 Bxc3 34. bxc3 Bd7 35. Re1 Rc8 36. Rb1 0-1

[Event "*** Titled Tuesday Blitz"]
[Site "Chess.com"]
[Date "2021.04.20"]
[Round "11"]
[White "nikitakhoroshev"]
[Black "kleopl"]
[Result "1-0"]
[WhiteElo "2630"]
[BlackElo "2503"]
[TimeControl "180+1"]
[EndTime "12:04:48 PDT"]
[Termination "nikitakhoroshev won by resignation"]

1. e4 c6 2. Nc3 d5 3. Nf3 Nf6 4. e5 Ne4 5. d3 Nxc3 6. bxc3 Bg4 7.
h3 Bxf3 8. Qxf3 e6 9. Qg3 g6 10. h4 h5 11. a4 c5 12. Bd2 Nc6 13. f4 Ne7 14. Qf2 Nf5 15. g3 Qc7 16. Bg2 Be7 17. Rb1 Rd8 18. c4 b6 19. cxd5 exd5 20. a5 O-O 21. axb6 axb6 22. O-O c4 23. Kh2 Bc5 24. Qe1 Nd4 25. dxc4 dxc4 26. Bc3 Nxc2 27. Qe4 Nd4 28. f5 Nxf5 29. Rxf5 gxf5 30. Qxf5 Qe7 31. Be4 f6 32. exf6 Qf7 33. Qg5+ Kh8 34. Qh6+ Kg8 35.
Bg6 Rd3 36. Bxf7+ Rxf7 37. Qg6+ Kf8 38. Qxh5 Ke8 39. Re1+ Be3 40. Qb5+ Rfd7 41. f7+ Kxf7 42. Rxe3 1-0

[Event "*** Titled Tuesday Blitz"]
[Site "Chess.com"]
[Date "2021.04.20"]
[Round "11"]
[White "AsaHoffmann"]
[Black "lacafi"]
[Result "1-0"]
[WhiteElo "2353"]
[BlackElo "2222"]
[TimeControl "180+1"]
[EndTime "12:04:48 PDT"]
[Termination "AsaHoffmann won on time"]

1. d4 f5 2. Nc3 g6 3. h4 Bg7 4.
h5 d5 5. f3 c6 6. e4 dxe4 7. Be3 exf3 8. Nxf3 e6 9. Bc4 Qd6 10.
Qd2 Nd7 11. O-O-O Nb6 12. Bb3 Bd7 13. Ne5 Bxe5 14. dxe5 Qxd2+ 15. Rxd2 Ne7 16. hxg6 Nxg6 17. Bg5 h5 18. Bf6 Rh7 19. Rd6 Nd5 20. Bxd5 cxd5 21.
Ne2 Rc8 22. Nd4 Nf8 23. c3 Rc4 24. Kd2 Ra4 25. a3 Rc4 26. b4 a6 27. Rh4 a5 28.
Rb6 axb4 29. axb4 Bc6 30. b5 Nd7 31. bxc6 Nxb6 32. cxb7 Rxb7 33. Rxh5 Rf7 34. Nxe6 Rg4 35. Rh8+ Kd7 36. Nd4 Rxg2+ 37. Ke1 Nc4 38. e6+ Kd6 39. exf7 1-0

[Event "*** Titled Tuesday Blitz"]
[Site "Chess.com"]
[Date "2021.04.20"]
[Round "11"]
[White "Qvalda"]
[Black "NovikovaGalina"]
[Result "1-0"]
[WhiteElo "2421"]
[BlackElo "2297"]
[TimeControl "180+1"]
[EndTime "12:04:49 PDT"]
[Termination "Qvalda won by resignation"]

1. e4 e6 2. d4 d5 3. Bd3 dxe4 4.
Bxe4 Nf6 5. Bf3 c5 6. Ne2 Nc6 7.
Be3 cxd4 8. Nxd4 Ne5 9. Nc3 Be7 10. Qe2 O-O 11. O-O-O Nxf3 12. Nxf3 Qa5 13. Kb1 Bd7 14.
Bd4 Bc6 15. Ne5 Rfd8 16. Rhg1 Rac8 17. g4 Rxd4 18. Rxd4 Bc5 19. Rdd1 Nd5 20. Nxd5 Bxd5 21. c4 Bc6 22. Nxc6 bxc6 23. Rg3 Qc7 24. Rgd3 Qb6 25. Qd2 Be7 26. f4 h6 27. g5 hxg5 28. fxg5 Qc5 29. h4 Qxc4 30. Rd4 Qc5 31. Qc2 Qb5 32. Rd7 Bf8 33.
Qf2 Qf5+ 34. Qxf5 exf5 35. Rxa7 f4 36. Rdd7 Re8 37. Rxf7 Re1+ 38. Kc2 Rf1 39. g6 Rg1 40. h5 Rg2+ 41. Kc3 Rh2 42. Ra8 1-0

[Event "*** Titled Tuesday Blitz"]
[Site "Chess.com"]
[Date "2021.04.20"]
[Round "11"]
[White "vova-79"]
[Black "Matensien"]
[Result "1-0"]
[WhiteElo "2540"]
[BlackElo "2383"]
[TimeControl "180+1"]
[EndTime "12:04:50 PDT"]
[Termination "vova-79 won by resignation"]

1. d4 Nf6 2. c4 g6 3. Nc3 Bg7 4.
Nf3 d6 5. g3 O-O 6. Bg2 Nc6 7. O-O Bf5 8. d5 Na5 9. Nd4 Bd7 10. b3 c5 11. dxc6 bxc6 12. Bb2 Rb8 13. Qd2 c5 14. Nf3 Bc6 15. Rab1 Ne4 16. Nxe4 Bxe4 17.
Bxg7 Kxg7 18. Rbc1 Qc7 19. Qe3 Qb7 20. Qc3+ Kg8 21.
Qxa5 h5 22. Ne1 h4 23. Qd2 Bxg2 24. Nxg2 h3 25. Nf4 Kg7 26. Nxh3 Rh8 27. Nf4 g5 28. Nd5 f6 29. Qe3 Rbe8 30. f3 e6 31. Nc3 d5 32.
Qxc5 Kg6 33. cxd5 Rxh2 34. Kxh2 Qh7+ 35. Kg2 Rh8 36. Rh1 1-0

[Event "*** Titled Tuesday Blitz"]
[Site "Chess.com"]
[Date "2021.04.20"]
[Round "11"]
[White "MVM2008"]
[Black "narutosmith"]
[Result "1-0"]
[WhiteElo "2174"]
[BlackElo "2312"]
[TimeControl "180+1"]
[EndTime "12:04:54 PDT"]
[Termination "MVM2008 won by checkmate"]

1. e4 c6 2. Nc3 d5 3. Nf3 dxe4 4. Nxe4 Nf6 5. Nxf6+ exf6 6. d4 Bd6 7. Bd3 O-O 8. O-O Re8 9. Re1 Rxe1+ 10. Qxe1 Nd7 11. Qe4 Nf8 12. c4 Be6 13. b3 Qd7 14. Bf4 Ng6 15.
Bxd6 Qxd6 16. Re1 Rd8 17. h4 a5 18. h5 Nf8 19. h6 g6 20. Qh4 Bc8 21. c5 Qc7 22.
Qxf6 Ne6 23. Bc4 Rf8 24. Ng5 Qd7 25. Rxe6 fxe6 26. Bxe6+ Qxe6 27. Qg7# 1-0

[Event "*** Titled Tuesday Blitz"]
[Site "Chess.com"]
[Date "2021.04.20"]
[Round "11"]
[White "Guzman70"]
[Black "chesshermar"]
[Result "1-0"]
[WhiteElo "2296"]
[BlackElo "2195"]
[TimeControl "180+1"]
[EndTime "12:04:54 PDT"]
[Termination "Guzman70 won by resignation"]

1. e4 e5 2. Nf3 Nc6 3. c3 d5 4. Bb5 dxe4 5. Nxe5 Qd5 6. Bxc6+ bxc6 7. f4 f6 8. Ng4 h5 9. Ne3 Qd3 10. Qe2 Bd6 11. Qxd3 exd3 12. O-O Ne7 13. Na3 Ba6 14.
b4 Rb8 15. Nac4 c5 16. Nxd6+ cxd6 17. bxc5 dxc5 18. Ba3 c4 19. Rfe1 Kf7 20. Bxe7 Kxe7 21.
Nxc4+ Kf7 22. Nd6+ Kg6 23. f5+ Kg5 24. Re7 g6 25. Rxa7 Rb6 26. Nf7+ Kxf5 27. Nxh8 Bb7 28. Rf1+ Ke5 29. Nxg6+ Kd5 30. Nf4+ Ke4 31. Nxh5 f5 32. Ng3+ Ke5 33. Rxf5+ Ke6 34. Rxb7 Rxb7 35. Rf3 Rb2 36. Rxd3 Rxa2 37. Kf2 Ke5 38. Rd4 Ra8 39. h4 Rf8+ 40.
Ke2 Rg8 41. Kf2 Rf8+ 42. Kg1 Rg8 43. Kh2 Rh8 44. h5 Rh7 45. Kh3 Rh8 46. Kh4 Rg8 47. Rg4 Ra8 48. d4+ Ke6 49. h6 Ra1 50. h7 Kf7 51. h8=Q Rh1+ 52. Nxh1 1-0

[Event "*** Titled Tuesday Blitz"]
[Site "Chess.com"]
[Date "2021.04.20"]
[Round "11"]
[White "mjray79"]
[Black "Gusarov91"]
[Result "1-0"]
[WhiteElo "2447"]
[BlackElo "2607"]
[TimeControl "180+1"]
[EndTime "12:04:59 PDT"]
[Termination "mjray79 won by checkmate"]

1. d4 b6 2. e4 Bb7 3. Bd3 e6 4. f3 d5 5. c3 dxe4 6. fxe4 Bxe4 7. Bxe4 Qh4+ 8. Kf1 Qxe4 9. Nf3 Nf6 10. Qa4+ Nbd7 11. Nbd2 Qd3+ 12. Ke1 c5 13. Ne5 Qe3+ 14. Kd1 cxd4 15.
Re1 Qg5 16. Qc6 Rd8 17. Ndf3 Qxg2 18. Nxf7 Be7 19. Nxh8 d3 20. Bd2 Kf8 21. Qxe6 Qxf3+ 22. Kc1 Ne5 23. Rxe5 Qh1+ 24. Re1 Qxe1+ 25. Bxe1 d2+ 26. Bxd2 Ke8 27. Nf7 Rd5 28. Kc2 Kf8 29. Re1 Bc5 30. Ne5 Rd6 31. Qf7# 1-0

[Event "*** Titled Tuesday Blitz"]
[Site "Chess.com"]
[Date "2021.04.20"]
[Round "11"]
[White "elohunter1999"]
[Black "PavelChernomordik"]
[Result "1-0"]
[WhiteElo "2486"]
[BlackElo "2381"]
[TimeControl "180+1"]
[EndTime "12:05:00 PDT"]
[Termination "elohunter1999 won by resignation"]

1. d4 g6 2. e4 Bg7 3. Nc3 d6 4. Be3 a6 5. Nf3 b5 6. Bd3 Bb7 7. Qd2 Nd7 8. Ne2 c5 9. c3 Qc7 10. Ng3 e5 11. O-O Ngf6 12. h3 O-O 13. a4 c4 14. Bc2 Rfe8 15. Rfe1 d5 16. dxe5 Nxe4 17. Nxe4 dxe4 18. Nd4 Nxe5 19. axb5 Nd3 20. Reb1 axb5 21.
Nxb5 Qe5 22. Nd4 f5 23. Bxd3 exd3 24. Bf4 Qd5 25. Nf3 Re2 26. Rxa8+ Bxa8 27. Qd1 h6 28. h4 Kh7 29. Ra1 Bc6 30. Ra7 Qc5 31. Rxg7+ Kxg7 32. Nd4 Re4 33. f3 Re8 34. Kh2 Bd7 35. Qd2 g5 36. hxg5 hxg5 37. Bxg5 Qe5+ 38. Bf4 Qe1 39. Bh6+ Kh7 40. Qg5 Qe7 41. Qh5 Qe5+ 42. Bf4+ 1-0

[Event "*** Titled Tuesday Blitz"]
[Site "Chess.com"]
[Date "2021.04.20"]
[Round "11"]
[White "frenchpin"]
[Black "chessbia"]
[Result "1/2-1/2"]
[WhiteElo "2423"]
[BlackElo "2318"]
[TimeControl "180+1"]
[EndTime "12:05:02 PDT"]
[Termination "Game drawn by repetition"]

1. e4 e5 2. Nf3 Nc6 3. Bc4 Bc5 4. c3 Nf6 5. d4 exd4 6. cxd4 Bb4+ 7. Bd2 Bxd2+ 8.
Nbxd2 d5 9. exd5 Nxd5 10. O-O O-O 11. Ne5 Nce7 12. Ne4 Bf5 13. Ng3 Bg6 14. Rc1 c6 15. Qb3 Qb6 16. Rfd1 Qxb3 17. Bxb3 Rad8 18. Kf1 Nf5 19.
Nxg6 hxg6 20. Nxf5 gxf5 21. Ke2 Rfe8+ 22. Kf3 g6 23. Re1 Nf6 24. Rxe8+ Rxe8 25. Rd1 Rd8 26.
a4 Kf8 27. h3 a5 28. g4 fxg4+ 29. hxg4 Nd5 30. g5 Ne7 31. Bc2 Rd5 32. Kf4 Nf5 33.
Ke4 Nd6+ 34. Kf4 Nf5 35. Ke4 Nd6+ 36. Kf4 Nf5 1/2-1/2

[Event "*** Titled Tuesday Blitz"]
[Site "Chess.com"]
[Date "2021.04.20"]
[Round "11"]
[White "korkmaz16"]
[Black "volunteers1998"]
[Result "1-0"]
[WhiteElo "2467"]
[BlackElo "2213"]
[TimeControl "180+1"]
[EndTime "12:05:03 PDT"]
[Termination "korkmaz16 won on time"]

1. e4 c5 2. Nc3 Nc6 3. f4 e6 4. Nf3 d5 5. Bb5 d4 6. Bxc6+ bxc6 7. Na4 Nf6 8. d3 Qa5+ 9. c3 Be7 10. O-O O-O 11. c4 Qc7 12. b3 Ng4 13. Qe1 f5 14. h3 Nf6 15. e5 Nd7 16. Ba3 Rb8 17. Nxd4 Nb6 18. Nxc5 Bxc5 19. Bxc5 Rd8 20. Bd6 Rxd6 21.
exd6 Qxd6 22. Qe5 Qxe5 23. fxe5 c5 24. Nc6 Rb7 25. Rad1 Rc7 26. Na5 Rd7 27. Rd2 Rd4 28. Nc6 Rd7 29. d4 Kf7 30. Rfd1 cxd4 31. Rxd4 Rc7 32.
Na5 Nd7 33. Re1 Nc5 34. Rd8 Ke7 35. Rh8 h6 36. Rd1 Ne4 37. Rdd8 Rd7 38. Rxc8 1-0

[Event "*** Titled Tuesday Blitz"]
[Site "Chess.com"]
[Date "2021.04.20"]
[Round "11"]
[White "CraiggoryC"]
[Black "WinstonSilvakov"]
[Result "0-1"]
[WhiteElo "2159"]
[BlackElo "2098"]
[TimeControl "180+1"]
[EndTime "12:05:06 PDT"]
[Termination "WinstonSilvakov won on time"]

1. e4 c5 2. Nf3 e6 3. d4 cxd4 4. Nxd4 Nf6 5. Nc3 d6 6. g4 Nc6 7.
g5 Nd7 8. f4 a6 9. Be3 Qc7 10.
Qh5 Nxd4 11. Bxd4 b5 12. O-O-O b4 13. Nd5 Qa5 14. g6 exd5 15. gxf7+ Kd8 16. Qg5+ Kc7 17. Bxg7 Bxg7 18. Qxg7 Bb7 19. Bh3 Qb5 20. exd5 Rhf8 21. Rhe1 Kb6 22. Re7 Nc5 23. Qh6 Rad8 24. Kb1 Na4 25. Qe6 Nc3+ 26. bxc3 bxc3+ 0-1

[Event "*** Titled Tuesday Blitz"]
[Site "Chess.com"]
[Date "2021.04.20"]
[Round "11"]
[White "chessprincesa1"]
[Black "MIJuanReyesRosa"]
[Result "1-0"]
[WhiteElo "2323"]
[BlackElo "2062"]
[TimeControl "180+1"]
[EndTime "12:05:11 PDT"]
[Termination "chessprincesa1 won on time"]

1. d4 e6 2. c4 a6 3. Nc3 c5 4.
e3 d5 5. cxd5 exd5 6. Bd3 Nf6 7.
Nf3 Nc6 8. dxc5 Bxc5 9. O-O O-O 10. a3 Qe7 11. b4 Bd6 12. Bb2 Bg4 13. h3 Bh5 14. Be2 Rfd8 15. Nd4 Qe5 16. g3 Nxd4 17. exd4 Qg5 18. Bc1 Qg6 19. g4 Ne4 20. Nxd5 Bh2+ 21. Kxh2 Rxd5 22. gxh5 Qd6+ 23. f4 Re8 24. Bb2 Nf6 25.
Bg4 Re3 26. Rf3 Rxf3 27. Qxf3 Nxg4+ 28. hxg4 Qe7 29. Kg3 1-0

[Event "*** Titled Tuesday Blitz"]
[Site "Chess.com"]
[Date "2021.04.20"]
[Round "11"]
[White "TheRealPeakyBlinder"]
[Black "chessdjw"]
[Result "1-0"]
[WhiteElo "2666"]
[BlackElo "2741"]
[TimeControl "180+1"]
[EndTime "12:05:12 PDT"]
[Termination "TheRealPeakyBlinder won by checkmate"]

1. e4 e5 2. Nf3 Nc6 3. Nc3 Nf6 4. a4 Bb4 5. Bd3 d6 6. Nd5 Nxd5 7. exd5 Ne7 8. c3 Bc5 9. b4 Bxf2+ 10. Kxf2 Nxd5 11.
Rf1 O-O 12. Kg1 f5 13. Bc4 Be6 14. d4 e4 15. Ng5 Qf6 16. Nxe4 fxe4 17. Rxf6 Rxf6 18.
Qc2 Re8 19. Qxe4 Nxc3 20. Qd3 d5 21. Qxc3 dxc4 22. Bg5 Rg6 23. Bf4 Bd5 24. g3 Re2 25. Re1 Rg2+ 26. Kf1 Rxh2 27. Re8+ Kf7 28. Qe3 Rf6 29.
Re7+ Kg6 30. Qe5 Rf5 31. Qxg7+ Kh5 32. Qh6+ Kg4 33. Qxh2 c3 34. Rg7+ Kf3 35. Qe2# 1-0

[Event "*** Titled Tuesday Blitz"]
[Site "Chess.com"]
[Date "2021.04.20"]
[Round "11"]
[White "Irishchessman16"]
[Black "McCarthyStone"]
[Result "1-0"]
[WhiteElo "2294"]
[BlackElo "2364"]
[TimeControl "180+1"]
[EndTime "12:05:12 PDT"]
[Termination "Irishchessman16 won by resignation"]

1. e4 g6 2. h4 d5 3. e5 Nc6 4. d4 h5 5. Bg5 Bh6 6. Qd2 Bxg5 7.
hxg5 a5 8. Nc3 Bf5 9. Bb5 Kf8 10. Bxc6 bxc6 11. Rh4 Qb8 12. Na4 Qb4 13. b3 Bxc2 14.
Qxb4 axb4 15. Rc1 Rxa4 16. bxa4 Bxa4 17. e6 fxe6 18. Nf3 e5 19. Nxe5 Kg7 20. Rf4 Nf6 21.
gxf6+ exf6 22. Nxc6 Re8+ 23. Kd2 Ra8 24. Nxb4 g5 25. Rxc7+ Kg6 26. Rf3 Bb5 27. Re3 Bc4 28. Ree7 h4 29. Rg7+ Kf5 30. f3 Ra4 31. Rb7 Ra3 32.
Rb6 h3 33. gxh3 Rxf3 34. a4 Rxh3 35. Rf7 Rh2+ 36. Kc3 Rh3+ 37. Kb2 Rh2+ 38. Kc1 Rh1+ 39. Kb2 Rh2+ 40. Nc2 Bd3 41. Rbxf6+ Ke4 42. Rc6 Rh3 43.
Re7+ Kf5 44. Ne3+ Kf4 45. Nxd5+ Kf5 46. Rf6+ Kg4 47. Ne3+ Kg3 48. d5 g4 49. d6 Bb5 50.
axb5 Rh7 51. Nf5+ Kf4 52. Rxh7 1-0

[Event "*** Titled Tuesday Blitz"]
[Site "Chess.com"]
[Date "2021.04.20"]
[Round "11"]
[White "queen_iryna"]
[Black "GregShahade"]
[Result "0-1"]
[WhiteElo "2385"]
[BlackElo "2686"]
[TimeControl "180+1"]
[EndTime "12:05:13 PDT"]
[Termination "GregShahade won by resignation"]

1. e4 e5 2. Nf3 Nc6 3. Bc4 Nf6 4. d3 Bc5 5. c3 a6 6. O-O d6 7. a4 Ba7 8. Nbd2 O-O 9. h3 h6 10. Re1 Re8 11. Nf1 Be6 12. Bb3 Qd7 13. Bc2 d5 14. Be3 Bxe3 15. Nxe3 Rad8 16. exd5 Nxd5 17. Nxd5 Qxd5 18.
b4 Bf5 19. c4 Qd6 20. b5 Nb4 21. Re3 Bxd3 22. Bxd3 Nxd3 23. Qe2 f5 24. Rb1 e4 25.
Rd1 Nf4 26. Rxd6 Nxe2+ 27. Rxe2 Rxd6 28. Nh4 g6 29. g4 f4 30. Rc2 e3 31. fxe3 fxe3 32. Kf1 Rd2 33. Rc1 e2+ 34. Ke1 Rd3 35. Nxg6 Rxh3 36. Kd2 e1=Q+ 37. Rxe1 Rxe1 38. Kxe1 Ra3 39. Ne7+ Kf7 40. Nd5 Rxa4 41. Nxc7 Rxc4 42. bxa6 Rxc7 43.
a7 Rc8 44. Kd2 Ra8 45. Kc3 Rxa7 0-1

[Event "*** Titled Tuesday Blitz"]
[Site "Chess.com"]
[Date "2021.04.20"]
[Round "11"]
[White "Srisshhhtea"]
[Black "enriquebutti"]
[Result "1-0"]
[WhiteElo "2328"]
[BlackElo "2094"]
[TimeControl "180+1"]
[EndTime "12:05:16 PDT"]
[Termination "Srisshhhtea won by checkmate"]

1. d4 c5 2. d5 e5 3. e4 d6 4. Bb5+ Nd7 5. a4 Be7 6. Nc3 Bg5 7. Nge2 Bxc1 8. Qxc1 Ne7 9. O-O O-O 10. Nd1 Nf6 11.
Ng3 Ne8 12. Ra3 g6 13. f4 exf4 14. Qxf4 f6 15. Qh4 g5 16. Qh5 Ng6 17. Qe2 Ng7 18.
Ne3 Ne5 19. Nef5 Bxf5 20. Nxf5 Nxf5 21. Rxf5 Qe7 22. Rg3 Kh8 23. h4 gxh4 24. Rh3 Rg8 25. Rxh4 Rg7 26. Qh5 Rag8 27. Rh2 Ng4 28. Rh4 Qxe4 29.
Bd3 Qe3+ 30. Kh1 Nf2+ 31. Rxf2 Qxf2 32. Qxh7+ Rxh7 33. Rxh7# 1-0

[Event "*** Titled Tuesday Blitz"]
[Site "Chess.com"]
[Date "2021.04.20"]
[Round "11"]
[White "anon102030"]
[Black "wonderfultime"]
[Result "0-1"]
[WhiteElo "2728"]
[BlackElo "2954"]
[TimeControl "180+1"]
[EndTime "12:05:17 PDT"]
[Termination "wonderfultime won by resignation"]

1. e4 c5 2. Nc3 Nc6 3. g3 g6 4. Bg2 Bg7 5. d3 d6 6. Be3 Rb8 7. f4 b5 8. a3 a5 9. Nf3 b4 10. axb4 axb4 11. Na4 Nf6 12. h3 O-O 13. O-O Nd7 14.
d4 cxd4 15. Nxd4 Bb7 16. Qd2 Qc7 17. Rfd1 Nxd4 18. Bxd4 Bxd4+ 19. Qxd4 Qxc2 20. Rd2 Qb3 21. Rd3 Qe6 22. e5 Bxg2 23. Kxg2 Rfc8 24. Rd2 Ra8 25. exd6 exd6 26. Qxd6 Qxd6 27. Rxd6 Rc2+ 28. Kf3 Nc5 29. Rc6 Nb3 30. Nb6 Rxa1 31. Rxc2 Nd4+ 0-1

[Event "*** Titled Tuesday Blitz"]
[Site "Chess.com"]
[Date "2021.04.20"]
[Round "11"]
[White "Raud100"]
[Black "GelmanAlexander"]
[Result "0-1"]
[WhiteElo "2400"]
[BlackElo "2595"]
[TimeControl "180+1"]
[EndTime "12:05:17 PDT"]
[Termination "GelmanAlexander won by checkmate"]

1. d4 Nf6 2. c4 c5 3. d5 b5 4. f3 e6 5. e4 bxc4 6. Nc3 exd5 7. e5 d4 8. exf6 d5 9. fxg7 Bxg7 10. Nce2 O-O 11. Kf2 Re8 12. Nf4 Nc6 13. Nge2 d3 14.
Nxd3 cxd3 15. Qxd3 c4 16. Qd1 Qb6+ 17. Kg3 d4 18. Nf4 d3 19. h4 Nd4 20. h5 Be5 21. h6 Kh8 22. Rh5 Qg6+ 23. Kf2 Bxf4 24. Bxf4 Qxh5 25. b3 Ne2 26. Qd2 Qh4+ 27. g3 Qh2+ 28.
Bg2 Bh3 29. Rf1 Qxg2+ 30. Ke1 Qxf1# 0-1

[Event "*** Titled Tuesday Blitz"]
[Site "Chess.com"]
[Date "2021.04.20"]
[Round "11"]
[White "Sychev_Klementy"]
[Black "NTBT_DHS"]
[Result "0-1"]
[WhiteElo "2880"]
[BlackElo "2738"]
[TimeControl "180+1"]
[EndTime "12:05:19 PDT"]
[Termination "NTBT_DHS won by checkmate"]

1. e4 g6 2. h4 Bg7 3. h5 d5 4. exd5 Qxd5 5. Nc3 Qe5+ 6. Nge2 c5 7. d3 Nc6 8. Bf4 Qf5 9. h6 Bxc3+ 10. bxc3 Nf6 11. Qd2 O-O 12. f3 e5 13. g4 Qe6 14. Bg5 Nd5 15. c4 Nd4 16. Bg2 Nf4 17. Nxf4 exf4+ 18. Kd1 Bd7 19. Re1 Qa6 20. Be7 Ba4 21. Rc1 Rfe8 22. Qxf4 Nxc2 23. Rxc2 Bxc2+ 24. Kxc2 Qxa2+ 25. Kc3 Qa5+ 26. Kc2 Qxe1 27. Qf6 Qf2+ 28. Kb3 Qd4 29. g5 Qxd3+ 30. Kb2 Qd4+ 31. Kb3 Rxe7 32. Qxe7 Qd1+ 33. Ka3 Qc1+ 34.
Kb3 Qd1+ 35. Ka3 Rd8 36. Qe5 Rd3+ 37. Ka2 Qb3+ 38. Ka1 Rd1# 0-1

[Event "*** Titled Tuesday Blitz"]
[Site "Chess.com"]
[Date "2021.04.20"]
[Round "11"]
[White "rasmussvane"]
[Black "Hikaru"]
[Result "1/2-1/2"]
[WhiteElo "2913"]
[BlackElo "3170"]
[TimeControl "180+1"]
[EndTime "12:05:23 PDT"]
[Termination "Game drawn by repetition"]

1. Nf3 d5 2. g3 g6 3. Bg2 Bg7 4. d4 Nd7 5. O-O Ngf6 6. a4 O-O 7. c4 dxc4 8. Na3 c6 9. Nxc4 Nb6 10. b3 Be6 11.
Qc2 Bf5 12. Qa2 Be4 13. Rd1 Nbd5 14. Bd2 a5 15. Rac1 Nb4 16. Qb2 Nfd5 17. Nfe5 Bxg2 18. Kxg2 Nc7 19. Bxb4 axb4 20. e4 Ra6 21. Qd2 b5 22.
axb5 cxb5 23. Ne3 Qd6 24. Nf3 Rd8 25. e5 Qd7 26. Qxb4 e6 27. Qd2 Nd5 28. Nxd5 Qxd5 29. Rc7 Qxb3 30. Qf4 Rf8 31. Rdc1 h6 32. Rd7 Qd3 33.
Rcc7 g5 34. Qd2 Qe4 35. Qe3 Qxe3 36. fxe3 g4 37. Nh4 Ra2+ 38. Kg1 b4 39. Ng6 Ra1+ 40.
Kg2 Ra2+ 41. Kg1 Ra1+ 42. Kg2 Ra2+ 43. Kg1 1/2-1/2

[Event "*** Titled Tuesday Blitz"]
[Site "Chess.com"]
[Date "2021.04.20"]
[Round "11"]
[White "Artyom_ChessMate"]
[Black "Kretov_Evgenij"]
[Result "1-0"]
[WhiteElo "2566"]
[BlackElo "2641"]
[TimeControl "180+1"]
[EndTime "12:05:23 PDT"]
[Termination "Artyom_ChessMate won by resignation"]

1. e4 c5 2. Nc3 Nc6 3. Bb5 Nd4 4. Nf3 g6 5. O-O Bg7 6. Nxd4 cxd4 7. Ne2 Nf6 8. d3 Qb6 9. Ba4 O-O 10. Bb3 d6 11. f4 Be6 12. f5 Bxb3 13. axb3 Rac8 14.
Kh1 Qc5 15. c4 dxc3 16. bxc3 a6 17. Rf3 Ng4 18. d4 Qc6 19. Qd3 e6 20. h3 exf5 21.
exf5 Nf6 22. Bg5 Ne4 23. d5 Qe8 24. f6 Nxg5 25. fxg7 Kxg7 26. Re3 Qb5 27. c4 Qb6 28. h4 Rfe8 29. Rxe8 Rxe8 30. hxg5 Re3 31. Qd4+ Qxd4 32.
Nxd4 Rd3 33. Nf3 Rxb3 34. Re1 a5 35. c5 dxc5 36. Rd1 Kf8 37. d6 Ke8 38. d7+ Kd8 39. Ne5 1-0

[Event "*** Titled Tuesday Blitz"]
[Site "Chess.com"]
[Date "2021.04.20"]
[Round "11"]
[White "Iball95"]
[Black "IANOV0007"]
[Result "1-0"]
[WhiteElo "2618"]
[BlackElo "2475"]
[TimeControl "180+1"]
[EndTime "12:05:24 PDT"]
[Termination "Iball95 won on time"]

1. e4 d6 2. d4 Nf6 3. Nc3 c6 4. Nf3 Bg4 5. h3 Bh5 6. g4 Bg6 7. Qe2 e6 8. Bf4 Be7 9. O-O-O Na6 10. g5 Nd7 11. h4 Bh5 12. Bg2 d5 13. Kb1 Qa5 14.
Rhe1 O-O-O 15. Rc1 Nc7 16. Qd2 Bb4 17. a3 Bxc3 18.
Qxc3 Qxc3 19. bxc3 dxe4 20. Rxe4 Nd5 21. Bd2 Bxf3 22.
Bxf3 N7b6 23. Ka2 a5 24. Be2 Na4 25. Kb3 b5 26. c4 Ndb6 27. cxb5 c5 28. Bxa5 Rxd4 29.
Rxd4 cxd4 30. Bf3 Kc7 31. Kb4 Rd8 32. Bxb6+ Nxb6 33. a4 Nd5+ 34. Bxd5 Rxd5 35. Rd1 1-0

[Event "*** Titled Tuesday Blitz"]
[Site "Chess.com"]
[Date "2021.04.20"]
[Round "11"]
[White "sorrm8thatscheckm8"]
[Black "WPWPWP-2015"]
[Result "1-0"]
[WhiteElo "2580"]
[BlackElo "2457"]
[TimeControl "180+1"]
[EndTime "12:05:24 PDT"]
[Termination "sorrm8thatscheckm8 won on time"]

1. d4 d5 2. c4 dxc4 3. e4 e5 4. Nf3 exd4 5. Bxc4 Bb4+ 6. Bd2 Bxd2+ 7. Nbxd2 Nc6 8. Qb3 Qe7 9. O-O Nf6 10. e5 Nd7 11.
Bxf7+ Qxf7 12. e6 Qf5 13. exd7+ Bxd7 14. Rfe1+ Kd8 15. Ne4 b6 16. Rad1 Kc8 17. Nxd4 Nxd4 18. Rxd4 Bc6 19. Rc4 Qg6 20. Qc3 Bxe4 21. Rexe4 Qf7 22.
Rf4 Qd7 23. h4 Rd8 24. Rfd4 Qe7 25. Rxd8+ Kxd8 26. Qd3+ Kc8 27. Qd5 Rb8 28. Qc6 Qd7 29. Qf3 c5 30. Rf4 Qd6 31. Rf8+ Kc7 32. Rf7+ Kd8 33.
Rxa7 Rc8 34. Rxg7 Rc7 35. Rg8+ Kd7 36. Qf5+ Kc6 37. Qe4+ Kb5 38. a4+ 1-0